 Dungeon Crawl Stone Soup version 0.31-a0-675-g238779eb0a (webtiles) character file.

Game seed: 8727586397916352307

9200 qw the Skirmisher (level 11, -2/71 HPs)
             Began as a Gargoyle Hunter on Sept 5, 2023.
             Was a Believer of Okawaru.
             Slain by a death yak (18 damage)
             ... on level 1 of the Lair of Beasts.
             The game lasted 00:04:14 (8120 turns).

qw the Skirmisher (Gargoyle Hunter)                 Turns: 8120, Time: 00:04:14

Health: -2/71      AC: 22    Str: 15    XL:     11   Next: 42%
Magic:  11/12      EV: 20    Int: 10    God:    Okawaru [**....]
Gold:   383        SH:  0    Dex: 17    Spells: 10/10 levels left

rFire   . . .        q - +1 orcbow (flame)
rCold   . . .        (shield currently unavailable)
rNeg    + . .        i - +0 ring mail
rPois   inf          k - +0 helmet
rElec   +            p - +1 cloak
rCorr   .            (no gloves)
SInv    +            r - +0 pair of boots
Will    +....        (no amulet)
Stlth   +++          a - +5 ring of evasion
HPRegen 0.31/turn    d - ring of see invisible
MPRegen 0.13/turn

%: no passive effects
@: about to teleport, heroic
A: sickness immunity, AC +8, negative energy resistance 1, electricity
resistance, torment resistance 1, petrification resistance, iridescent scales 1,
low MP 1, strong-willed 1
a: Renounce Religion, Heroism


You were on level 1 of the Lair of Beasts.
You worshipped Okawaru.
Okawaru was pleased with you.
You visited 3 branches of the dungeon, and saw 11 of its levels.
You also visited: Ossuary.

You collected 383 gold pieces.


Innate Abilities, Weirdness & Mutations

You are immune to sickness and miasma.
Your stone body is resilient. (AC +8)
You are immune to poison.
You resist negative energy. (rN+)
You are resistant to electric shocks. (rElec)
You are resistant to unholy torment.
You are immune to petrification.
You are partially covered in iridescent scales. (AC +2)
Your magical capacity is low. (-10% MP)
You are strong-willed. (Will+)


   Skills:
 - Level 9.2(14.2) Fighting
 + Level 13.9(18.9) Ranged Weapons
 - Level 5.2(10.2) Armour
 - Level 4.1(9.1) Dodging
 - Level 1.1(6.1) Stealth
 - Level 4.0 Invocations


You had 10 spell levels left.
You didn't know any spells.
Your spell library was empty.

Inventory:

Hand Weapons
 q - a +1 orcbow of flaming (weapon)
Armour
 i - a +0 ring mail (worn)
 k - a +0 helmet (worn)
 p - a +1 cloak (worn)
 r - a +0 pair of boots (worn)
Jewellery
 a - a +5 ring of evasion (left hand)
 b - the ring "Sicaoj" {Fire rElec Will+ Str+3 Stlth-}
   (You found it on level 6 of the Dungeon)

   [ring of fire]

   Fire:      It enhances your fire magic.
   Str+3:     It affects your strength (+3).
   rF+:       It protects you from fire.
   rC-:       It makes you vulnerable to cold.
   rElec:     It insulates you from electricity.
   Will+:     It increases your willpower.
   Stlth-:    It makes you less stealthy.
 d - a ring of see invisible (right hand)
 Y - a +4 ring of protection
Scrolls
 h - a scroll of identify
 n - 3 scrolls of teleportation
Potions
 c - 2 potions of curing
 e - 3 potions of enlightenment
 f - a potion of mutation
 g - a potion of resistance
 j - 4 potions of heal wounds
 l - a potion of cancellation
 m - a potion of haste
 o - 2 potions of lignification {unknown}
 s - a potion of might {unknown}

Dungeon Overview and Level Annotations

Branches:
Dungeon (8/15)             Temple (1/1) D:4            Lair (2/5) D:8
Ossuary (visited)
  Swamp: Lair:2-3    Shoals: Lair:2-3     Snake: Lair:2-3    Spider: Lair:2-3

Altars:
Ashenzari
Cheibriados
Dithmenos
Elyvilon
Fedhas
Gozag
Hepliaklqana
Kikubaaqudgha
Makhleb
Nemelex Xobeh
Okawaru
Ru
Sif Muna
Trog
Uskayaw
Vehumet
Wu Jian
Xom
Yredelemnul
Zin
The Shining One

Annotations:
D:3 1 runed translucent door, qw's ghost, amateur MiHs
D:4 2 transporters, qw's ghost, amateur GrHu
D:8 2 transporters


Message History

The death yak gores you but does no damage.
You shoot an arrow.
The arrow hits the death yak but does no damage.
The death yak is lightly wounded.
The death yak gores you!
You shoot an arrow.
The arrow hits the death yak but does no damage.
The death yak is lightly wounded.
The death yak misses you.
You shoot an arrow. The arrow hits the death yak.
The arrow burns the death yak.
The death yak is lightly wounded.
The death yak gores you!
You shoot an arrow. The arrow barely misses the death yak.
The arrow hits the death yak!
The arrow burns the death yak.
The death yak is moderately wounded.
You shoot an arrow.
The arrow hits the death yak but does no damage.
The death yak is lightly wounded.
The death yak gores you.
You shoot an arrow. The arrow hits the death yak!
The arrow burns the death yak.
The death yak is moderately wounded.
The death yak gores you but does no damage.
You shoot an arrow. The arrow hits the death yak!
The arrow burns the death yak.
The death yak is heavily wounded.
The death yak misses you.
You shoot an arrow. The arrow hits the death yak!!
The arrow burns the death yak.
The death yak is severely wounded.
The death yak gores you.
You shoot an arrow. The arrow hits the death yak!
The arrow burns the death yak.
The death yak is almost dead.
You shoot an arrow. The arrow barely misses the death yak.
The arrow hits the death yak.
The arrow burns the death yak.
The death yak is moderately wounded.
The death yak gores you!
8120 ||| READING 4 scrolls of teleportation.
As you read the scroll of teleportation, it crumbles to dust.
You feel strangely unstable. The death yak gores you!!
You die...

......... #.#.....
#.....# +.....## .
##.....########
..+.....'.......#
........###.....# #
..##....# #####.# ##
........# ### #@# .+ #.
##......###.###Y###
..###
###....(.......YY.Y....
#...#
..................Y....
.....
.......................
.....
.......%...............
.....
.......................
.....
###...................#
#.P..
#.....%..............
###..


You could see 3 death yaks.

Vanquished Creatures
  A two-headed ogre (D:8)
  A black mamba (Lair:1)
  Maurice (D:8)
  A cane toad (Lair:1)
  2 komodo dragons (D:8)
  9 blink frogs (Lair:1)
  Sigmund (D:2)
  A wraith (D:5)
  9 yaks
  A steam dragon (D:8)
  4 water moccasins
  Duvessa (D:5)
  An orc warrior (D:8)
  2 ice beasts
  3 black bears
  2 ogres (D:5)
  2 sky beasts
  A centaur (D:4)
  3 phantoms
  A kobold brigand (D:8)
  Blork the orc (D:4)
  A gnoll sergeant (D:8)
  2 water moccasin zombies (Ossuary)
  8 bullfrogs
  3 scorpions
  Dowan (D:5)
  A howler monkey (D:8)
  5 hounds
  4 orc priests
  3 jellies
  2 gnoll boudas
  4 iguanas
  3 orc wizards
  2 mummies (Ossuary)
  Robin (D:4)
  9 adders
  13 gnolls
  2 shadow imps
  3 white imps
  An ufetubus (D:4)
  4 adder zombies (Ossuary)
  A worm (D:5)
  6 dart slugs
  28 orcs
  6 endoplasms
  4 giant cockroaches
  2 gnoll zombies (Ossuary)
  14 hobgoblins
  2 jackals (D:4)
  6 kobolds
  A quokka (D:2)
  2 ball pythons
  7 bats
  12 goblins
  3 hobgoblin zombies (Ossuary)
  4 kobold zombies (Ossuary)
  7 orc zombies (Ossuary)
  2 rats (D:3)
227 creatures vanquished.

Notes
Turn   | Place    | Note
-------+----------+-------------------------------------------
     0 | D:1      | qw the Gargoyle Hunter began the quest for the Orb.
     0 | D:1      | Reached XP level 1. HP: 12/12 MP: 1/1
     0 | D:1      | 0 ||| qw: Version: 0.3-a-75-g829b12e
     0 | D:1      | 0 ||| qw: Game counter: 38
     0 | D:1      | 0 ||| qw: Melee chars always use a shield: true
     0 | D:1      | 0 ||| qw: God list: Okawaru
     0 | D:1      | 0 ||| qw: Allow faded altars: false
     0 | D:1      | 0 ||| qw: Do Orc after clearing Dungeon:15 true
     0 | D:1      | 0 ||| qw: Do second Lair branch before Depths: true
     0 | D:1      | 0 ||| qw: Lair rune preference: random
     0 | D:1      | 0 ||| qw: Goals: Normal
     0 | D:1      | 0 ||| PLANNING D:1-11
   447 | D:1      | Reached XP level 2. HP: 17/17 MP: 2/2
   809 | D:1      | 809 ||| READING scroll labelled BIW RAOFIUM.
   810 | D:1      | 810 ||| READING scroll labelled COSHRE ZUNWAGH.
   811 | D:1      | 811 ||| READING scroll labelled VAUNIC EGEU.
   812 | D:1      | 812 ||| DROPPING scroll of butterflies.
   886 | D:2      | Reached skill level 5 in Ranged Weapons
   886 | D:2      | Reached XP level 3. HP: 18/21 MP: 3/3
   941 | D:2      | Found a sparkling altar of Nemelex Xobeh.
   980 | D:2      | Reached skill level 3 in Fighting
  1031 | D:2      | Noticed Sigmund
  1042 | D:2      | Killed Sigmund
  1043 | D:2      | Reached skill level 6 in Ranged Weapons
  1043 | D:2      | Reached XP level 4. HP: 14/28 MP: 4/4
  1043 | D:2      | Reached XP level 5. HP: 16/32 MP: 5/5
  1295 | D:2      | Reached XP level 6. HP: 37/37 MP: 6/6
  1523 | D:2      | Found a faded altar of an unknown god.
  1629 | D:2      | 1629 ||| READING 2 scrolls labelled HOPUPT DUUTAGYA.
  1630 | D:2      | 1630 ||| READING scroll labelled GISUD KIUTRA.
  1631 | D:2      | 1631 ||| READING scroll labelled ROOSUXZ BECS.
  1732 | D:2      | 1732 ||| DROPPING scroll of revelation.
  1760 | D:3      | 1760 ||| STAIRDANCE
  1766 | D:3      | 1766 ||| STAIRDANCE
  1775 | D:3      | 1775 ||| STAIRDANCE
  1871 | D:3      | 1871 ||| STAIRDANCE
  2209 | D:3      | Found a bloodstained altar of Trog.
  2214 | D:3      | Found a broken altar of Ashenzari.
  2463 | D:3      | Found a runed translucent door.
  2463 | D:3      | Noticed qw's ghost (amateur MiHs)
  2575 | D:3      | 2575 ||| UPGRADING to +4 ring of protection.
  2576 | D:3      | 2576 ||| DROPPING ring of wizardry.
  2577 | D:3      | 2577 ||| READING scroll labelled SAMIG RYMEIM.
  2578 | D:3      | 2578 ||| DRINKING 2 murky red potions.
  2579 | D:3      | 2579 ||| READING 2 scrolls of identify.
  2579 | D:3      | 2579 ||| IDENTIFYING murky emerald potion
  2580 | D:3      | 2580 ||| DROPPING potion of invisibility.
  2635 | D:4      | Noticed qw's ghost (amateur GrHu)
  2641 | D:4      | Found a transporter.
  2642 | D:4      | Found a transporter.
  2842 | D:4      | Found a staircase to the Ecumenical Temple.
  2843 | D:4      | 2843 ||| PLANNING TEMPLE
  2843 | D:4      | 2843 ||| UPGRADING to +0 ring mail.
  2853 | D:4      | 2853 ||| DROPPING +0 leather armour.
  2854 | D:4      | 2854 ||| UPGRADING to +6 ring of strength.
  2878 | Temple   | Entered the Ecumenical Temple
  2879 | Temple   | 2879 ||| PLANNING OKAWARU WORSHIP
  2889 | Temple   | Became a worshipper of Warmaster Okawaru
  2890 | Temple   | 2890 ||| PLANNING D:1-11
  2957 | D:4      | Reached skill level 7 in Ranged Weapons
  2957 | D:4      | Reached XP level 7. HP: 43/43 MP: 7/7
  3026 | D:4      | Found a white marble altar of Elyvilon.
  3043 | D:4      | Noticed Blork the orc
  3046 | D:4      | HP: 7/43 [Blork the orc/+0 flail (6)]
  3047 | D:4      | 3047 ||| DRINKING 2 potions of heal wounds.
  3060 | D:4      | HP: 9/43 [Blork the orc/+0 flail (4)]
  3061 | D:4      | 3061 ||| DRINKING potion of heal wounds.
  3069 | D:4      | Killed Blork the orc
  3070 | D:4      | Reached skill level 8 in Ranged Weapons
  3156 | D:4      | 3156 ||| SWAPPING to +0 orcbow.
  3157 | D:4      | 3157 ||| DROPPING +0 shortbow.
  3176 | D:4      | Noticed Robin
  3184 | D:4      | Killed Robin
  3478 | D:4      | 3478 ||| UPGRADING to +0 helmet.
  3483 | D:4      | 3483 ||| READING scroll labelled EBBYLO EWEPT.
  3484 | D:4      | 3484 ||| READING scroll labelled DOVOS KECUX.
  3485 | D:4      | 3485 ||| READING scroll labelled AGURHO RUCW.
  3502 | D:5      | Entered Level 5 of the Dungeon
  3520 | D:5      | 3520 ||| Stepping ~*~*~tactically~*~*~ (retreating).
  3522 | D:5      | 3522 ||| Stepping ~*~*~tactically~*~*~ (retreating).
  3523 | D:5      | 3523 ||| Stepping ~*~*~tactically~*~*~ (retreating).
  3548 | D:5      | Reached * piety under Okawaru
  3549 | D:5      | Reached XP level 8. HP: 39/49 MP: 8/8
  3590 | D:5      | 3590 ||| Stepping ~*~*~tactically~*~*~ (retreating).
  3592 | D:5      | 3592 ||| INVOKING Heroism.
  3604 | D:5      | 3604 ||| INVOKING Heroism.
  3668 | D:5      | 3668 ||| DRINKING 2 grey potions.
  3669 | D:5      | 3669 ||| DRINKING 2 glowing amethyst potions.
  3669 | D:5      | Gained mutation: You are frail. (-10% HP) [potion of
                  | mutation]
  3669 | D:5      | Gained mutation: Your spells are a little easier to cast,
                  | but a little less powerful. [potion of mutation]
  3669 | D:5      | Gained mutation: You passively map a small area around you.
                  | [potion of mutation]
  3670 | D:5      | 3670 ||| DRINKING potion of mutation.
  3670 | D:5      | Lost mutation: You are frail. (-10% HP) [potion of
                  | mutation]
  3670 | D:5      | Lost mutation: You passively map a small area around you.
                  | [potion of mutation]
  3670 | D:5      | Lost mutation: Your spells are a little easier to cast, but
                  | a little less powerful. [potion of mutation]
  3670 | D:5      | Gained mutation: You do not regenerate when monsters are
                  | visible. [potion of mutation]
  3699 | D:5      | Reached skill level 1 in Invocations
  3714 | D:5      | 3714 ||| INVOKING Heroism.
  3775 | D:5      | Noticed a wraith
  3784 | D:5      | 3784 ||| INVOKING Heroism.
  3790 | D:5      | Killed a wraith
  3791 | D:5      | Reached skill level 9 in Ranged Weapons
  3904 | D:5      | Noticed Duvessa
  3904 | D:5      | Noticed Dowan
  3905 | D:5      | 3905 ||| INVOKING Heroism.
  3910 | D:5      | Killed Duvessa
  3916 | D:5      | Killed Dowan
  3953 | D:5      | Found a sacrificial altar of Ru.
  3957 | D:5      | Reached skill level 3 in Invocations
  4050 | D:5      | 4050 ||| INVOKING Heroism.
  4075 | D:5      | Found a snail-covered altar of Cheibriados.
  4122 | D:5      | 4122 ||| INVOKING Heroism.
  4128 | D:5      | Reached skill level 6 in Fighting
  4128 | D:5      | Reached XP level 9. HP: 55/55 MP: 8/11
  4257 | D:5      | 4257 ||| FLEEEEING.
  4258 | D:5      | 4258 ||| FLEEEEING.
  4259 | D:5      | 4259 ||| FLEEEEING.
  4260 | D:5      | 4260 ||| FLEEEEING.
  4261 | D:5      | 4261 ||| FLEEEEING.
  4262 | D:5      | 4262 ||| FLEEEEING.
  4263 | D:5      | 4263 ||| FLEEEEING.
  4264 | D:5      | 4264 ||| FLEEEEING.
  4265 | D:5      | 4265 ||| FLEEEEING.
  4266 | D:5      | 4266 ||| FLEEEEING.
  4267 | D:5      | 4267 ||| FLEEEEING.
  4268 | D:5      | 4268 ||| FLEEEEING.
  4269 | D:5      | 4269 ||| FLEEEEING.
  4270 | D:5      | 4270 ||| FLEEEEING.
  4272 | D:5      | 4272 ||| FLEEEEING.
  4273 | D:5      | 4273 ||| FLEEEEING.
  4274 | D:5      | 4274 ||| FLEEEEING.
  4275 | D:5      | 4275 ||| FLEEEEING.
  4276 | D:5      | 4276 ||| FLEEEEING.
  4277 | D:5      | 4277 ||| FLEEEEING.
  4278 | D:5      | 4278 ||| FLEEEEING.
  4279 | D:5      | 4279 ||| FLEEEEING.
  4280 | D:5      | 4280 ||| FLEEEEING.
  4397 | D:5      | 4397 ||| Stepping ~*~*~tactically~*~*~ (outnumbered).
  4649 | D:5      | 4649 ||| DRINKING 2 bubbling golden potions.
  4666 | D:6      | 4666 ||| PLANNING OSSUARY
  4666 | D:6      | 4666 ||| INVOKING Heroism.
  4712 | D:6      | Found a sand-covered staircase.
  4719 | Ossuary  | Entered an ossuary
  4811 | Ossuary  | Reached skill level 10 in Ranged Weapons
  4935 | Ossuary  | 4935 ||| DRINKING potion of mutation.
  4935 | Ossuary  | Lost mutation: You do not regenerate when monsters are
                  | visible. [potion of mutation]
  4935 | Ossuary  | Gained mutation: Your magical capacity is low. (-10% MP)
                  | [potion of mutation]
  4935 | Ossuary  | Gained mutation: You are strong-willed. (Will+) [potion of
                  | mutation]
  4935 | Ossuary  | Gained mutation: You are partially covered in iridescent
                  | scales. (AC +2) [potion of mutation]
  4940 | Ossuary  | 4940 ||| READING scroll labelled DAUCIY CILORAGH.
  4945 | Ossuary  | 4945 ||| DRINKING 2 bubbling inky potions.
  4946 | Ossuary  | 4946 ||| DROPPING potion of brilliance.
  4963 | D:6      | 4963 ||| PLANNING D:1-11
  5023 | D:6      | 5023 ||| INVOKING Heroism.
  5070 | D:6      | Reached skill level 3 in Dodging
  5171 | D:6      | 5171 ||| INVOKING Heroism.
  5310 | D:6      | Identified the ring "Sicaoj" {Fire rElec Will+ Str+3
                  | Stlth-}
  5561 | D:6      | 5561 ||| UPGRADING to ring "Sicaoj" {Fire rElec Will+ Str+3
                  | Stlth-}.
  5563 | D:6      | 5563 ||| READING scroll labelled OMASKEI DASI.
  5564 | D:6      | 5564 ||| READING scroll labelled DIKOEV PAAMOCA.
  5565 | D:6      | 5565 ||| DRINKING 4 viscous red potions.
  5670 | D:6      | 5670 ||| READING 2 scrolls of identify.
  5670 | D:6      | 5670 ||| IDENTIFYING murky purple potion
  5671 | D:6      | 5671 ||| DROPPING 3 potions of berserk rage.
  5672 | D:6      | 5672 ||| DROPPING potion of degeneration.
  5738 | D:7      | Found a radiant altar of Vehumet.
  5783 | D:7      | 5783 ||| INVOKING Heroism.
  5824 | D:7      | Found a glowing silver altar of Zin.
  5932 | D:7      | Found a hide-covered altar of Uskayaw.
  6031 | D:7      | Found a shimmering altar of Xom.
  6042 | D:7      | 6042 ||| INVOKING Heroism.
  6061 | D:7      | Found a blossoming altar of Fedhas.
  6189 | D:7      | Found a glowing golden altar of the Shining One.
  6243 | D:7      | Found an ornate altar of the Wu Jian Council.
  6253 | D:7      | 6253 ||| INVOKING Heroism.
  6279 | D:7      | 6279 ||| INVOKING Heroism.
  6343 | D:7      | 6343 ||| UPGRADING to ring of see invisible.
  6345 | D:7      | 6345 ||| READING 2 scrolls of identify.
  6345 | D:7      | 6345 ||| IDENTIFYING yellow potion
  6346 | D:7      | 6346 ||| DROPPING potion of ambrosia.
  6394 | D:8      | 6394 ||| RETREATING.
  6396 | D:8      | 6396 ||| Stepping ~*~*~tactically~*~*~ (retreating).
  6397 | D:8      | 6397 ||| Stepping ~*~*~tactically~*~*~ (retreating).
  6409 | D:8      | 6409 ||| INVOKING Heroism.
  6518 | D:8      | Found a transporter.
  6560 | D:8      | Reached skill level 11 in Ranged Weapons
  6601 | D:8      | Reached skill level 3 in Armour
  6613 | D:8      | Reached XP level 10. HP: 57/64 MP: 11/11
  6625 | D:8      | 6625 ||| INVOKING Heroism.
  6732 | D:8      | 6732 ||| INVOKING Heroism.
  6790 | D:8      | Found a transporter.
  6803 | D:8      | Found a staircase to the Lair.
  6821 | D:8      | Reached skill level 12 in Ranged Weapons
  6844 | D:8      | 6844 ||| INVOKING Heroism.
  6865 | D:8      | 6865 ||| INVOKING Heroism.
  6924 | D:8      | Noticed a two-headed ogre
  6925 | D:8      | 6925 ||| INVOKING Heroism.
  6930 | D:8      | Killed a two-headed ogre
  6930 | D:8      | Reached ** piety under Okawaru
  6967 | D:8      | 6967 ||| INVOKING Heroism.
  7005 | D:8      | 7005 ||| Stepping ~*~*~tactically~*~*~ (outnumbered).
  7006 | D:8      | 7006 ||| Stepping ~*~*~tactically~*~*~ (outnumbered).
  7028 | D:8      | Reached skill level 13 in Ranged Weapons
  7106 | D:8      | 7106 ||| INVOKING Heroism.
  7358 | D:8      | Noticed Maurice
  7370 | D:8      | Killed Maurice
  7371 | D:8      | Reached skill level 9 in Fighting
  7405 | D:8      | 7405 ||| PLANNING LAIR
  7405 | D:8      | 7405 ||| UPGRADING to +1 cloak.
  7410 | D:8      | 7410 ||| UPGRADING to +0 pair of boots.
  7415 | D:8      | 7415 ||| UPGRADING to +5 ring of evasion.
  7417 | D:8      | 7417 ||| DROPPING +6 ring of strength.
  7418 | D:8      | 7418 ||| READING 3 scrolls of identify.
  7418 | D:8      | 7418 ||| IDENTIFYING fuming orange potion
  7419 | D:8      | 7419 ||| READING 2 scrolls of identify.
  7419 | D:8      | 7419 ||| IDENTIFYING sapphire potion
  7443 | Lair:1   | Entered Level 1 of the Lair of Beasts
  7530 | Lair:1   | 7530 ||| INVOKING Heroism.
  7551 | Lair:1   | 7551 ||| INVOKING Heroism.
  7561 | Lair:1   | Reached XP level 11. HP: 71/71 MP: 10/12
  7578 | Lair:1   | You fall into a shaft and drop 1 floor!
  7594 | Lair:2   | 7594 ||| DROPPING ring of resist corrosion.
  7630 | Lair:1   | 7630 ||| INVOKING Heroism.
  7632 | Lair:1   | 7632 ||| RETREATING.
  7638 | Lair:1   | 7638 ||| Stepping ~*~*~tactically~*~*~ (retreating).
  7640 | Lair:1   | 7640 ||| Stepping ~*~*~tactically~*~*~ (retreating).
  7655 | Lair:1   | 7655 ||| INVOKING Heroism.
  7743 | Lair:1   | 7743 ||| INVOKING Heroism.
  7773 | Lair:1   | 7773 ||| RETREATING.
  7782 | Lair:1   | 7782 ||| Stepping ~*~*~tactically~*~*~ (retreating).
  7783 | Lair:1   | 7783 ||| Stepping ~*~*~tactically~*~*~ (retreating).
  7784 | Lair:1   | 7784 ||| Stepping ~*~*~tactically~*~*~ (retreating).
  7788 | Lair:1   | 7788 ||| Stepping ~*~*~tactically~*~*~ (retreating).
  7961 | Lair:1   | 7961 ||| INVOKING Heroism.
  7971 | Lair:1   | Reached *** piety under Okawaru
  8059 | Lair:1   | 8059 ||| INVOKING Heroism.
  8101 | Lair:1   | Noticed a death yak
  8101 | Lair:1   | Noticed a death yak
  8101 | Lair:1   | Noticed a death yak
  8102 | Lair:1   | 8102 ||| RETREATING.
  8103 | Lair:1   | 8103 ||| INVOKING Heroism.
  8119 | Lair:1   | HP: 16/71 [death yak (16)]
  8120 | Lair:1   | 8120 ||| READING 4 scrolls of teleportation.
  8120 | Lair:1   | Slain by a death yak

Levels and vault maps discovered:
D:1:      shiori_shiawase, layout_basic, hangedman_decor_opposing,
          glass_columns_b
D:2:      layout_basic, basic_altar, hellmonk_ecumenical_altar_leap_of_faith,
          st_stairs_3, chequers_mini_garden, uniq_sigmund
D:3:      layout_loops_ring, chequers_temple_overflow_statue_of_worship,
          ebering_ghost_sewer_d
D:4:      layout_loops_cross, elyvilon_altar_5, minmay_temple_entry_junction,
          gammafunk_ghost_mausoleum, chequers_serial_rivers_small_b,
          uniq_blork_the_orc, uniq_robin
D:5:      dreamdust_elfheim, layout_basic, kennysheep_slug_shrine,
          nicolae_ru_great_annihilating_truth, minmay_joined_circles
D:6:      layout_basic, enter_ossuary_1, st_stairs_8, minivault_10
D:7:      layout_gridville, mainiacjoe_overflow_24_doors, lemuel_tele_altar,
          vehumet_crystals, lemuel_doored_altar,
          mainiacjoe_overflow_surrounded_room, mainiacjoe_overflow_tiny_flanked,
          zin_treasury
D:8:      gammafunk_cloud_chamber, layout_gridville,
          due_lair_maze_entry_diamond, uniq_maurice
Temple:   hellmonk_temple_forest_ring
Lair:1:   layout_regular_city, nicolae_volcano_entry_vermiform
Lair:2:   layout_gridlike, nicolae_snake_entry_warm_welcome

Skill      XL: |  1  2  3  4  5  6  7  8  9 10 11 |
---------------+----------------------------------+-----
Ranged Weapons | 5 6 7 8 9 11 13 | 13.9
Fighting       | 3 4 5 6 7 9 |  9.2
Armour         | 2 3 4 5 |  5.2
Dodging        | 2 3 4 |  4.1
Invocations    | 3 4 |  4.0
Stealth        | |  1.1

Action                     |  1- 3 |  4- 6 |  7- 9 | 10-12 || total
---------------------------+-------+-------+-------+-------++-------
   Fire: Shortbow          |    87 |   137 |    41 |       ||   265
         Orcbow            |       |       |   386 |   276 ||   662
 Invoke: Heroism           |       |       |    15 |    15 ||    30
    Use: Scroll            |     3 |     5 |     8 |     3 ||    19
         Potion            |       |     1 |     9 |       ||    10
 Armour: Leather armour    |    22 |    59 |       |       ||    81
         Ring mail         |       |    23 |   172 |    71 ||   266
  Dodge: Dodged            |    20 |    66 |   136 |    85 ||   307

Table legend:
 A = Non-vault XP
 B = Vault XP
 C = Vault XP percentage of total XP
 D = Non-vault monster count
 E = Vault monster count
 F = Vault count percentage of total count
                 A         B        C        D         E       F
            +---------+---------+-------+---------+---------+-------
      Total |    9530 |    3614 |  27.5 |     158 |      69 |  30.4
            +---------+---------+-------+---------+---------+-------
        D:1 |      20 |       0 |   0.0 |      11 |       0 |   0.0
        D:2 |     120 |     246 |  67.2 |      20 |       3 |  13.0
        D:3 |      55 |       0 |   0.0 |      10 |       0 |   0.0
        D:4 |     463 |     130 |  21.9 |      20 |      12 |  37.5
        D:5 |     797 |     693 |  46.5 |      17 |      17 |  50.0
        D:6 |     600 |      13 |   2.1 |      14 |       1 |   6.7
        D:7 |     396 |       0 |   0.0 |      15 |       0 |   0.0
        D:8 |    2596 |    2287 |  46.8 |      32 |      12 |  27.3
     Lair:1 |    4483 |       0 |   0.0 |      19 |       0 |   0.0
    Ossuary |       0 |     245 | 100.0 |       0 |      24 | 100.0
            +---------+---------+-------+---------+---------+-------
